 Dungeon Crawl Stone Soup version 0.32-a0-468-g38b2580584 (webtiles) character file.

Game seed: 3602581807603774535

3005 ezpacito the Trooper (level 9, -11/102 HPs)
             Began as a Demonspawn Chaos Knight on Feb 25, 2024.
             Was a Plaything of Xom.
             Mangled by a two-headed ogre
             ... wielding a +0 giant club
              (21 damage)
             ... on level 7 of the Dungeon.
             The game lasted 00:11:17 (5992 turns).

ezpacito the Trooper (Demonspawn Chaos Knight)      Turns: 5992, Time: 00:11:18

Health: -11/102    AC: 12    Str: 14    XL:     9   Next: 54%
Magic:  14/14      EV: 12    Int: 13    God:    Xom [..*...]
Gold:   1833       SH:  4    Dex: 15    Spells: 1/15 levels left

rFire   . . .        a - +3 hand axe (chaos)
rCold   + . .        (no shield)
rNeg    . . .        w - +1 ring mail {Will+}
rPois   +            (no helmet)
rElec   .            (no cloak)
rCorr   .            g - +0 pair of gloves
SInv    .            (boots unavailable)
Will    +....        (no amulet) Stlth
                     e - ring of protection from cold
HPRegen 0.37/turn    u - ring of poison resistance
MPRegen 0.14/turn

%: no passive effects
@: mighty, berserking (expiring), hasted, invisible, very quick
A: thin metallic scales 2, demonic magic 1, demonic touch 2, hooves 3, large
bone plates 1, shaggy fur 1
a: Renounce Religion


You were on level 7 of the Dungeon.
You worshipped Xom.
You were a toy of Xom.
You visited 2 branches of the dungeon, and saw 8 of its levels.

You collected 1833 gold pieces.

Inventory:

Hand Weapons
 a - a +3 hand axe of chaos (weapon)
 j - a +0 war axe of draining
 p - a +4 hand axe
Missiles
 c - 3 boomerangs (quivered)
 n - 12 poisoned darts
 t - a curare-tipped dart
Armour
 b - an orb of mayhem
 g - a +0 pair of gloves (worn)
 w - a +1 ring mail of willpower (worn)
Magical Staves
 f - a staff of death
Jewellery
 e - a ring of protection from cold (left hand)
 u - a ring of poison resistance (right hand)
 z - a ring of resist corrosion
 C - a +6 ring of intelligence
Talismans
 y - a beast talisman
Wands
 v - a wand of mindburst (6)
Scrolls
 i - 5 scrolls of teleportation
 o - a scroll of immolation
Potions
 d - 2 potions of mutation
 k - a potion of might
 s - a potion of cancellation
 B - a potion of enlightenment
 D - a potion of brilliance
 E - a potion of ambrosia


   Skills:
 * Level 5.3 Fighting
 * Level 4.9(5.2) Axes
 + Level 2.3(4.0) Polearms
 + Level 2.1 Throwing
 * Level 4.7 Armour
 * Level 4.0 Dodging
 + Level 2.7 Stealth
 * Level 3.7 Unarmed Combat
 * Level 3.6 Spellcasting
 + Level 1.0 Hexes
 + Level 3.1 Necromancy
 + Level 2.9 Alchemy
 + Level 2.6 Evocations


You had one spell level left.
You knew the following spells:

 Your Spells              Type           Power      Damage    Failure   Level
a - Cigotuvi's Dreadful   Necr/Alch/Air  14%        N/A       26%         2
b - Tukima's Dance        Hex            5%         N/A       63%         3
c - Ignite Poison         Fire/Alch      6%         N/A       92%         4
d - Yara's Violent Unrav  Hex/Alch       3%         3d4       99%         5

Your spell library contained the following spells:

 Spells                   Type           Power      Damage    Failure   Level
 Magic Dart               Conj           8%         1d3       38%         1
 Blink                    Tloc           4%         N/A       54%         2
 Call Imp                 Summ           4%         N/A       54%         2
 Searing Ray              Conj           4%         2d4       54%         2
 Static Discharge         Conj/Air       4%         3-4/arc   54%         2
 Fulminant Prism          Conj/Alch      3%         3d5       92%         4
 Airstrike                Air            1%         2d(1-17)  99%         4
 Passage of Golubria      Tloc           2%         N/A       99%         4
 Summon Lightning Spire   Summ/Air       2%         N/A       99%         4
 Freezing Cloud           Conj/Ice/Air   1%         6-21      100%        5


Dungeon Overview and Level Annotations

Branches:
Dungeon (7/15)             Temple (1/1) D:5

Altars:
Ashenzari
Cheibriados
Dithmenos
Fedhas
Makhleb
Nemelex Xobeh
Qazlal
Sif Muna
Trog
Uskayaw
Vehumet
Xom
Yredelemnul

Shops:
D:5 [   D:7 (


Innate Abilities, Weirdness & Mutations

You are mostly covered in thin metallic scales. (AC +3)
Spells you cast may paralyse adjacent enemies.
Your touch may inflict irresistible damage on your foes.
You have hooves in place of feet.
You are partially covered in large bone plates. (SH +4)
You are covered in fur. (AC +1)


Message History

A red film seems to cover your vision as you go berserk!
You feel yourself moving faster!
You feel mighty!
You feel a strong urge to attack something.
You climb downwards.
You block the komodo dragon's attack.
The two-headed ogre hits you with a +0 giant club! x2
There is a stone staircase leading up, spattered with blood here.
You hit the komodo dragon.
Lightning courses through the komodo dragon!
Your kick misses the komodo dragon.
The komodo dragon is moderately wounded.
You slash the two-headed ogre!
The two-headed ogre is poisoned.
The komodo dragon misses you.
The centaur shoots an arrow.
The arrow hits the komodo dragon but does no damage.
You barely miss the komodo dragon. Your kick misses the komodo dragon.
The komodo dragon is moderately wounded.
You slash the two-headed ogre! You freeze the two-headed ogre.
The two-headed ogre barely misses you. The two-headed ogre misses you.
Unknown command.
You barely miss the two-headed ogre. You kick the two-headed ogre!
The two-headed ogre is heavily wounded.
You completely miss the komodo dragon. The komodo dragon bites you.
Unknown command.
You catch the helpless komodo dragon completely off-guard!
You hit the komodo dragon but do no damage.
The komodo dragon appears confused.
You kick the komodo dragon!
You touch the komodo dragon!
The komodo dragon is severely wounded.
You barely miss the two-headed ogre. The komodo dragon bites you!
Unknown command.
You catch the helpless two-headed ogre completely off-guard!
You slash the two-headed ogre!
The two-headed ogre looks as sick as possible!
The two-headed ogre is severely wounded.
You slash the komodo dragon!
The komodo dragon is poisoned.
You kill the komodo dragon!
The two-headed ogre hits you with a +0 giant club!!
* * * LOW HITPOINT WARNING * * *
The two-headed ogre hits you with a +0 giant club!!
You die...
Xom roars with laughter!

## #.$.#### #.#.# #
#?lO...# #.#.# #####
#..c##l# #.#.#
....#l.####lO#
#.#.######### ....#.
##.########.#........>#
#####
#.#...........#######..
### ##.########.#.# ###
#.# #.########.#.## #.#
#.l.c@O....#..# #.#
#############.# #.# #.#
#.# .. #.# ## #.#
....###.######## .# #.#
................
.######)#
....###.######.#
.....<.)####### .. #.#
#.## ......)........
#.# ##.#


You could see a two-headed ogre (unable to see you, extremely poisoned), a
basilisk (unable to see you) and a centaur (unable to see you).

Vanquished Creatures
  A komodo dragon (D:7)
  A wraith (D:6)
  A steam dragon (D:7)
  Duvessa (D:6)
  3 water moccasins
  2 black bears (D:7)
  An ice beast (D:6)
  A centaur (D:5)
  2 kobold brigands
  2 scorpions (D:5)
  A gnoll sergeant (D:7)
  3 wights (D:6)
  Dowan (D:6)
  2 killer bees (D:7)
  A howler monkey (shapeshifter) (D:7)
  2 howler monkeys
  2 bombardier beetles
  2 jellies
  5 hounds
  3 orc priests
  4 sleepcaps
  11 orc wizards
  7 iguanas
  3 gnolls (D:7)
  8 adders
  2 shadow imps
  3 white imps
  4 ufetubi (D:6)
  2 dart slugs
  6 orcs
  6 ball pythons
  7 bats
  4 endoplasms
  3 giant cockroaches
  7 goblins
  5 hobgoblins
  2 jackals (D:1)
  2 quokkas
  2 frilled lizards
  9 kobolds
  4 rats
138 creatures vanquished.

Vanquished Creatures (collateral kills)
  An ogre (D:5)
1 creature vanquished.

Vanquished Creatures (others)
  A killer bee (D:7)
1 creature vanquished.

Grand Total: 140 creatures vanquished

Notes
Turn   | Place    | Note
-------+----------+-------------------------------------------
     0 | D:1      | ezpacito the Demonspawn Chaos Knight began the quest for
                  | the Orb.
     0 | D:1      | Reached XP level 1. HP: 18/18 MP: 1/1
   125 | D:1      | XOM: divination: detect creatures
   126 | D:1      | Reached skill level 1 in Dodging
   129 | D:1      | Gained mutation: Spells you cast may paralyse adjacent
                  | enemies. [demonic ancestry]
   129 | D:1      | Reached XP level 2. HP: 21/24 MP: 2/2
   218 | D:1      | XOM: noise
   779 | D:2      | Gained mutation: You are partially covered in thin metallic
                  | scales. (AC +2) [demonic ancestry]
   779 | D:2      | Reached XP level 3. HP: 29/29 MP: 3/3
   926 | D:2      | Learned a level 2 spell: Cigotuvi's Dreadful Rot
   985 | D:2      | XOM: butterfly on damage
   992 | D:2      | XOM: potion effect (heal wounds)
  1229 | D:2      | Gained mutation: Your touch may inflict minor irresistible
                  | damage on your foes. [demonic ancestry]
  1229 | D:2      | Reached XP level 4. HP: 35/35 MP: 5/5
  1284 | D:2      | Reached skill level 1 in Spellcasting
  1946 | D:3      | Identified the +0 ring mail of Lugonu's Indignation {rC+}
  2124 | D:3      | Reached skill level 1 in Unarmed Combat
  2140 | D:3      | Gained mutation: You are mostly covered in thin metallic
                  | scales. (AC +3) [demonic ancestry]
  2140 | D:3      | Reached XP level 5. HP: 41/41 MP: 6/6
  2222 | D:4      | Reached skill level 1 in Necromancy
  2238 | D:4      | Reached skill level 1 in Stealth
  2433 | D:4      | Reached skill level 1 in Alchemy
  2433 | D:4      | Reached skill level 1 in Evocations
  2433 | D:4      | Gained mutation: Your touch may inflict irresistible damage
                  | on your foes. [demonic ancestry]
  2433 | D:4      | Reached XP level 6. HP: 47/47 MP: 8/8
  2463 | D:4      | XOM: butterfly on damage
  2554 | D:4      | XOM: silly message
  2644 | D:4      | XOM: give mutations
  2644 | D:4      | Gained mutation: You are partially covered in large bone
                  | plates. (SH +4) [Xom's grace]
  2644 | D:4      | Gained mutation: You have large cloven feet. [Xom's grace]
  2791 | D:5      | Entered Level 5 of the Dungeon
  2902 | D:5      | Reached skill level 1 in Polearms
  2972 | D:5      | Noticed a water moccasin
  2978 | D:5      | Killed a water moccasin
  2979 | D:5      | Reached XP level 7. HP: 51/53 MP: 8/10
  3013 | D:5      | Reached skill level 4 in Fighting
  3066 | D:5      | Found a sparkling altar of Nemelex Xobeh.
  3100 | D:5      | Reached skill level 1 in Throwing
  3127 | D:5      | Found a staircase to the Ecumenical Temple.
  3151 | Temple   | Entered the Ecumenical Temple
  3257 | D:5      | XOM: divination: detect creatures
  3275 | D:5      | XOM: summons 3 friendly demons
  3359 | D:5      | XOM: god gift: fizzy purple potion {god gift}
  3449 | D:5      | XOM: summons 2 friendly demons
  3604 | D:5      | XOM: scenery: 1 doors close
  3632 | D:5      | Reached XP level 8. HP: 58/60 MP: 11/11
  3682 | D:5      | XOM: god gift: 683 gold pieces
  3787 | D:5      | Found Elemeipp's Antique Armour Shop.
  4143 | D:6      | XOM: 2-stop teleportation journey
  4146 | D:6      | XOM: 1-stop teleportation journey
  4256 | D:6      | Noticed Dowan
  4256 | D:6      | XOM: summons 2 friendly demons
  4256 | D:6      | Noticed Duvessa
  4261 | D:6      | XOM: polymorph iron imp -> ufetubus
  4272 | D:6      | Killed Dowan
  4273 | D:6      | Killed Duvessa
  4325 | D:6      | XOM: noise
  4530 | D:6      | XOM: divination: detect creatures
  4599 | D:6      | XOM: cast spell 'Fugue of the Fallen'
  4602 | D:6      | Reached XP level 9. HP: 50/67 MP: 13/13
  4646 | D:6      | XOM: noise
  4707 | D:6      | XOM: confuse monster(s)
  4964 | D:6      | Found a shimmering blue altar of Sif Muna.
  4996 | D:6      | Learned a level 3 spell: Tukima's Dance
  5001 | D:6      | Learned a level 4 spell: Ignite Poison
  5007 | D:6      | Learned a level 5 spell: Yara's Violent Unravelling
  5039 | D:7      | Reached skill level 5 in Fighting
  5079 | D:7      | XOM: enchant monster (bad)
  5129 | D:7      | XOM: noise
  5260 | D:7      | Found Foschaux's Weapon Emporium.
  5342 | D:7      | Found a basalt altar of Yredelemnul.
  5346 | D:7      | Found a hide-covered altar of Uskayaw.
  5424 | D:7      | XOM: polymorph killer bee -> shapeshifter
  5442 | D:7      | XOM: confusion
  5443 | D:7      | XOM: confuse monster(s)
  5761 | D:7      | XOM: give mutations
  5761 | D:7      | Gained mutation: You have hoof-like feet. [Xom's grace]
  5761 | D:7      | Gained mutation: You have hooves in place of feet. [Xom's
                  | grace]
  5761 | D:7      | Gained mutation: You are covered in fur. (AC +1) [Xom's
                  | grace]
  5887 | D:7      | Noticed a two-headed ogre
  5890 | D:7      | Noticed a komodo dragon
  5905 | D:6      | Reached skill level 1 in Hexes
  5979 | D:6      | Identified a scroll of acquirement
  5979 | D:6      | Acquired 867 gold pieces
  5992 | D:7      | Killed a komodo dragon
  5992 | D:7      | Mangled by a two-headed ogre

Illustrated notes

Levels and vault maps discovered:
D:1:      dpeg_arrival_windows_large_door, layout_rooms, serial_forest,
          infiniplex_forest_fountain, infiniplex_forest_clump_double,
          infiniplex_forest_end_3, infiniplex_forest_clump_double,
          infiniplex_forest_clump_C, infiniplex_forest_clump_diagonal,
          infiniplex_forest_lined_4_way, infiniplex_forest_straight_2,
          infiniplex_forest_straight_2, infiniplex_forest_corner_1,
          chequers_serial_rivers_micro_a
D:2:      layout_loops_cross, skrybe_limestone_x
D:3:      layout_basic
D:4:      layout_cave_pools
D:5:      nicolae_BIG_FREAKIN_CUBE, layout_loops_corners,
          mainiacjoe_overflow_surrounded_room, minmay_temple_entry_hall,
          serial_shops, nicolae_shop_statue_plus
D:6:      minmay_flawed_box, layout_rooms,
          mainiacjoe_overflow_concentric_impassable, uniq_duvessa
D:7:      minmay_blocky_corners, layout_loops_ring,
          mainiacjoe_overflow_catwalk_spiral, serial_shops, shop,
          minmay_misc_feat_chi
Temple:   nicolae_temple_bog_church

Skill      XL: |  1  2  3  4  5  6  7  8  9 |
---------------+----------------------------+-----
Dodging        | 1 2 3 4 |  4.0
Axes           | 3 4 |  4.9
Armour         | 2 3 4 |  4.7
Spellcasting   | 1 2 3 |  3.6
Unarmed Combat | 1 2 3 |  3.7
Necromancy     | 1 2 3 |  3.1
Stealth        | 1 2 |  2.7
Alchemy        | 1 2 |  2.9
Evocations     | 1 2 |  2.6
Polearms       | 1 2 |  2.3
Fighting       | 4 5 |  5.3
Throwing       | 1 2 |  2.1
Hexes          | 1 |  1.0

Action                     |  1- 3 |  4- 6 |  7- 9 || total
---------------------------+-------+-------+-------++-------
  Melee: Hand axe          |    86 |   130 |   214 ||   430
         Touch             |       |    18 |    43 ||    61
         Kick              |       |     9 |    79 ||    88
  Evoke: Wand              |       |     2 |     6 ||     8
    Use: Potion            |     4 |       |    12 ||    16
         Scroll            |     2 |     5 |    14 ||    21
   Stab: Sleeping          |     2 |     1 |     1 ||     4
         Petrified         |       |     3 |       ||     3
         Distracted        |       |       |     1 ||     1
         Confused          |       |       |     5 ||     5
         Invisible         |       |       |     2 ||     2
 Armour: Leather armour    |    55 |     6 |       ||    61
         Skin              |     5 |       |       ||     5
         Ring mail         |       |    80 |   199 ||   279
         Scale mail        |       |    11 |       ||    11
  Dodge: Dodged            |    52 |    91 |   151 ||   294
  Block: Other             |       |     9 |    37 ||    46

Table legend: (Time is in decaauts)
 A = Elapsed time spent in this place.
 B = Non-inter-level travel time spent in this place.
 C = Inter-level travel time spent in this place.
 D = Time resting spent in this place.
 E = Time spent auto-exploring this place.
 F = Levels seen in this place.
 G = Mean time per level.
                   A        B        C        D        E       F      G
               +--------+--------+--------+--------+--------+-----+--------+
         Total |   6013 |   5737 |    276 |    124 |   4404 |   8 |  751.6 |
       Dungeon |   6012 |   5737 |    275 |    124 |   4404 |   7 |  858.9 |
        Temple |      1 |      1 |      0 |      0 |      0 |   1 |    1.0 |
               +--------+--------+--------+--------+--------+-----+--------+

Top non-repeatable levels by time:
     D:5: 1355 daAuts
     D:6: 946 daAuts
     D:3: 892 daAuts
     D:7: 891 daAuts
     D:2: 671 daAuts
     D:1: 664 daAuts
     D:4: 590 daAuts
  Temple: 1 daAuts
